 Dungeon Crawl Stone Soup version 0.31-a0-702-gf82c85558f (webtiles) character file.

Game seed: 4139160273005895981

39692 qw the Marksgargoyle (level 14, -5/91 HPs)
             Began as a Gargoyle Hunter on Sept 8, 2023.
             Was a High Priest of Okawaru.
             Slain by a seven-headed hydra (6 damage)
             ... on level 5 of the Lair of Beasts.
             The game lasted 00:05:59 (13931 turns).

qw the Marksgargoyle (Gargoyle Hunter)             Turns: 13931, Time: 00:06:00

Health: -5/91      AC: 21    Str: 16    XL:     14   Next: 7%
Magic:  21/21      EV: 19    Int: 10    God:    Okawaru [*****.]
Gold:   877        SH:  0    Dex: 17    Spells: 13/13 levels left

rFire   + . .        j - +3 triple crossbow (heavy)
rCold   + . .        (shield currently unavailable)
rNeg    + . .        g - +2 robe {rC+}
rPois   inf          n - +0 helmet
rElec   +            l - +1 cloak
rCorr   .            u - +0 pair of gloves
SInv    +            w - +0 pair of boots
Will    +....        e - amulet of regeneration
Stlth   +++          p - ring of see invisible
HPRegen 1.15/turn    y - ring of protection from fire
MPRegen 0.17/turn

%: no passive effects
@: about to teleport, heroic, flying
A: sickness immunity, AC +10, big wings, negative energy resistance 1,
electricity resistance, torment resistance 1, petrification resistance
a: Renounce Religion, Heroism, Finesse, Duel


You were on level 5 of the Lair of Beasts.
You worshipped Okawaru.
Okawaru was extremely pleased with you.
You visited 3 branches of the dungeon, and saw 17 of its levels.

You collected 1207 gold pieces.
You spent 330 gold pieces at shops.


Innate Abilities, Weirdness & Mutations

You are immune to sickness and miasma.
Your stone body is resilient. (AC +10)
You are immune to poison.
Your large and strong wings let you fly.
You resist negative energy. (rN+)
You are resistant to electric shocks. (rElec)
You are resistant to unholy torment.
You are immune to petrification.


   Skills:
 + Level 11.8(16.8) Fighting
 - Level 18.0(23.0) Ranged Weapons
 - Level 4.3(9.3) Armour
 - Level 6.2(11.2) Dodging
 - Level 1.1(6.1) Stealth
 - Level 10.0 Invocations


You had 13 spell levels left.
You didn't know any spells.
Your spell library was empty.

Inventory:

Hand Weapons
 j - a +3 heavy triple crossbow (weapon)
Armour
 g - a +2 robe of cold resistance (worn)
 l - a +1 cloak (worn)
 n - a +0 helmet (worn)
 o - a +0 ring mail of fire resistance
 u - a +0 pair of gloves (worn)
 v - +0 steam dragon scales
 w - a +0 pair of boots (worn)
Jewellery
 d - a ring of ice
 e - an amulet of regeneration (around neck)
 h - a ring of ice
 p - a ring of see invisible (left hand)
 x - a ring of resist corrosion
 y - a ring of protection from fire (right hand)
Wands
 q - a wand of digging (5)
Scrolls
 b - 7 scrolls of identify
 t - 4 scrolls of teleportation
 z - a scroll of brand weapon
Potions
 a - 2 potions of cancellation
 c - 4 potions of magic
 f - 7 potions of heal wounds
 i - 2 potions of enlightenment
 k - 5 potions of haste
 m - 6 potions of curing
 r - a potion of might
 s - a potion of mutation

Dungeon Overview and Level Annotations

Branches:
Dungeon (11/15)            Temple (1/1) D:4            Lair (5/5) D:11
  Swamp (0/4) Lair:3        Snake (0/4) Lair:2          Orc (0/2) D:9
  Slime: Lair:4-5

Altars:
Ashenzari
Cheibriados
Dithmenos
Elyvilon
Fedhas
Gozag
Hepliaklqana
Kikubaaqudgha
Makhleb
Nemelex Xobeh
Okawaru
Qazlal
Ru
Sif Muna
Trog
Uskayaw
Vehumet
Wu Jian
Xom
Yredelemnul
Zin
The Shining One

Shops:
D:6 *

Annotations:
D:9 1 runed translucent door
Lair:2 1 runed translucent door, qw's ghost, journeyman NaHu
Lair:4 2 transporters


Message History

You hear a roar!
The blink frog blinks!
You shoot a bolt. The bolt barely misses the blink frog.
The blink frog completely misses you.
The blink frog blinks!
You shoot a bolt.
The bolt completely misses the rime drake.
The rime drake hisses angrily.
A seven-headed hydra comes into view.
The seven-headed hydra bites you but does no damage.
The seven-headed hydra completely misses you.
The seven-headed hydra barely misses you.
The seven-headed hydra completely misses you.
The seven-headed hydra bites you.
The seven-headed hydra bites you but does no damage.
The seven-headed hydra closely misses you.
Enter note: You shoot a bolt.
The bolt completely misses the seven-headed hydra.
The bolt hits the blink frog!!!
You kill the blink frog!
Okawaru accepts your kill. The seven-headed hydra misses you.
The seven-headed hydra barely misses you.
The seven-headed hydra bites you.
The seven-headed hydra barely misses you.
The seven-headed hydra closely misses you.
The seven-headed hydra bites you but does no damage.
The seven-headed hydra bites you. The seven-headed hydra bites you!
The seven-headed hydra bites you. The seven-headed hydra bites you!
The seven-headed hydra bites you but does no damage.
The seven-headed hydra closely misses you. x2
The seven-headed hydra bites you.
13931 ||| READING 5 scrolls of teleportation.
As you read the scroll of teleportation, it crumbles to dust.
You feel strangely unstable.
The seven-headed hydra bites you but does no damage. x2
The seven-headed hydra completely misses you.
The seven-headed hydra closely misses you.
The seven-headed hydra bites you. x2
You die...

..#.%.PP...#......#
........PF........#
..%...............##
..........P........#
P......%............ ....
...........0......... ....
..........%#..#...#.# #...#
...P.......D###.....# ....##
.........P.#@#......###.....#
.t.....P...###.##......#.#...#
............#.#..............#
k....................%......#
...../................%P.P..###
.......##......##.#.#..PP.....#
.......##%.P#..P#######.......#
.......#...##...# #%#..<7..
........#...#...# 77..777 .


You could see a seven-headed hydra.

Vanquished Creatures
  Nessos (Lair:4)
  Fannar (D:11)
  Erolcha (D:9)
  Harold (Lair:1)
  A hydra (Lair:2)
  A ghost crab (Lair:3)
  3 two-headed ogres
  2 boulder beetles (Lair:2)
  4 death yaks (Lair:4)
  Amaemon (D:9)
  A fire crab (Lair:5)
  A spectral hydra (Lair:3)
  An ugly thing (D:11)
  2 manticores
  A salamander (Lair:2)
  9 elephants
  A torpor snail (Lair:3)
  4 black mambas
  An orange demon (D:9)
  Maggie (Lair:1)
  7 cane toads
  5 komodo dragons
  A rime drake (Lair:1)
  An unseen horror (D:11)
  2 ice devils (Lair:3)
  2 trolls
  3 polar bears
  A queen bee (Lair:2)
  A troll (shapeshifter) (D:9)
  3 blink frogs (Lair:5)
  A hornet (D:9)
  4 dream sheep (Lair:5)
  2 spectral black mambas (Lair:3)
  A water elemental (D:11)
  2 shadows (D:11)
  A vampire (D:11)
  A wraith (D:11)
  5 wyverns
  32 yaks
  5 basilisks
  3 nagas (Lair:2)
  8 wargs
  9 water moccasins
  A spectral polar bear (Lair:3)
  A black bear (D:7)
  8 orc warriors
  An ice beast (D:8)
  A spectral blink frog (Lair:3)
  9 wolves
  6 centaurs
  A phantom (D:3)
  2 kobold brigands
  A spectral wyvern (Lair:3)
  8 bullfrogs
  A gnoll sergeant (D:6)
  2 scorpions
  8 wights
  29 killer bees
  2 howler monkeys
  An electric eel (D:11)
  2 hounds
  4 orc priests
  2 jellies (D:7)
  A sleepcap (D:5)
  A gnoll bouda (D:4)
  3 iguanas
  A scorpion zombie (D:3)
  19 orc wizards
  A howler monkey zombie (D:3)
  11 gnolls
  8 adders
  A shadow imp (D:7)
  An ufetubus (D:5)
  A worm (D:3)
  3 dart slugs
  51 orcs
  7 bats
  8 endoplasms
  2 giant cockroaches
  5 hobgoblins
  7 jackals (D:3)
  4 quokkas
  6 ball pythons
  A ball python zombie (D:3)
  4 frilled lizards
  5 goblins
  8 kobolds
  3 rats (D:1)
390 creatures vanquished.

Vanquished Creatures (others)
  A yak (Lair:5)
1 creature vanquished.

Grand Total: 391 creatures vanquished

Notes
Turn   | Place    | Note
-------+----------+-------------------------------------------
     0 | D:1      | qw the Gargoyle Hunter began the quest for the Orb.
     0 | D:1      | Reached XP level 1. HP: 12/12 MP: 1/1
     0 | D:1      | 0 ||| qw: Version: 0.3-a-76-g4403597
     0 | D:1      | 0 ||| qw: Game counter: 1146
     0 | D:1      | 0 ||| qw: Melee chars always use a shield: true
     0 | D:1      | 0 ||| qw: God list: Okawaru
     0 | D:1      | 0 ||| qw: Allow faded altars: false
     0 | D:1      | 0 ||| qw: Do Orc after clearing Dungeon:15 true
     0 | D:1      | 0 ||| qw: Do second Lair branch before Depths: true
     0 | D:1      | 0 ||| qw: Lair rune preference: random
     0 | D:1      | 0 ||| qw: Goals: Normal
     0 | D:1      | 0 ||| PLANNING D:1-11
   386 | D:1      | Reached XP level 2. HP: 17/17 MP: 2/2
   872 | D:1      | 872 ||| READING scroll labelled FESEOTHROIMP.
   873 | D:1      | 873 ||| READING scroll labelled JAUNOA FABUBB.
   874 | D:1      | 874 ||| READING scroll labelled JACWIE EWOLOITIT.
   877 | D:1      | 877 ||| READING 2 scrolls labelled GEG GAIXOKHAU.
   878 | D:1      | 878 ||| DROPPING scroll of butterflies.
   879 | D:1      | 879 ||| DROPPING scroll of fog.
   973 | D:2      | 973 ||| STAIRDANCE
   995 | D:2      | Reached XP level 3. HP: 21/21 MP: 3/3
  1104 | D:2      | Reached skill level 5 in Ranged Weapons
  1150 | D:2      | Found a basalt altar of Yredelemnul.
  1301 | D:2      | Reached skill level 3 in Fighting
  1537 | D:2      | 1537 ||| UPGRADING to +0 ring mail.
  1547 | D:2      | 1547 ||| DROPPING +0 leather armour.
  1548 | D:2      | 1548 ||| DRINKING 3 sapphire potions.
  1549 | D:2      | 1549 ||| READING 2 scrolls of identify.
  1549 | D:2      | 1549 ||| IDENTIFYING clear potion
  1628 | D:3      | Noticed a phantom
  1655 | D:3      | Killed a phantom
  1656 | D:3      | Reached skill level 3 in Armour
  1656 | D:3      | Reached XP level 4. HP: 24/28 MP: 4/4
  1656 | D:3      | Reached XP level 5. HP: 27/32 MP: 5/5
  1687 | D:3      | Found a faded altar of an unknown god.
  1847 | D:3      | Found an opulent altar of Gozag.
  1984 | D:3      | Found a basalt altar of Yredelemnul.
  2157 | D:3      | You fall into a shaft and drop 1 floor!
  2221 | D:4      | Found a blossoming altar of Fedhas.
  2226 | D:4      | Found an ancient bone altar of Kikubaaqudgha.
  2238 | D:4      | Found a staircase to the Ecumenical Temple.
  2239 | D:4      | 2239 ||| PLANNING TEMPLE
  2239 | D:4      | 2239 ||| READING scroll labelled HOJIEJEBAU.
  2240 | D:4      | 2240 ||| READING 2 scrolls of identify.
  2240 | D:4      | 2240 ||| IDENTIFYING smoky amethyst potion
  2241 | D:4      | 2241 ||| DROPPING potion of ambrosia.
  2257 | D:4      | Reached skill level 6 in Ranged Weapons
  2257 | D:4      | Reached XP level 6. HP: 37/37 MP: 6/6
  2259 | Temple   | Entered the Ecumenical Temple
  2260 | Temple   | 2260 ||| PLANNING OKAWARU WORSHIP
  2298 | Temple   | Became a worshipper of Warmaster Okawaru
  2299 | Temple   | 2299 ||| PLANNING D:1-11
  2417 | D:4      | Found a sparkling altar of Nemelex Xobeh.
  2455 | D:4      | HP: 9/38 [iguana (9)]
  2456 | D:4      | 2456 ||| READING scroll of teleportation.
  2457 | D:4      | HP: 1/38 [iguana (9)]
  2462 | D:4      | HP: 1/38 [dart slug/slug dart (1)]
  3070 | D:4      | 3070 ||| Stepping ~*~*~tactically~*~*~ (outnumbered).
  3480 | D:4      | 3480 ||| Stepping ~*~*~tactically~*~*~ (retreating).
  3763 | D:4      | 3763 ||| READING scroll labelled OTONITIUDU.
  3764 | D:4      | 3764 ||| READING scroll labelled XOBBUFEWNE.
  3845 | D:5      | Entered Level 5 of the Dungeon
  3881 | D:5      | Found a hide-covered altar of Uskayaw.
  3970 | D:5      | Reached XP level 7. HP: 43/43 MP: 7/7
  4112 | D:5      | Found a burning altar of Makhleb.
  4121 | D:5      | Reached skill level 7 in Ranged Weapons
  4283 | D:5      | 4283 ||| UPGRADING to +0 cloak.
  4288 | D:5      | 4288 ||| UPGRADING to ring of protection from fire.
  4289 | D:5      | 4289 ||| READING scroll labelled JIGORR CUJERPHA.
  4290 | D:5      | 4290 ||| READING scroll labelled BOUGUH ERYIRGH.
  4291 | D:5      | 4291 ||| DRINKING 2 glowing brown potions.
  4292 | D:5      | 4292 ||| DRINKING 2 metallic white potions.
  4293 | D:5      | 4293 ||| READING 2 scrolls of identify.
  4293 | D:5      | 4293 ||| IDENTIFYING murky emerald potion
  4294 | D:5      | 4294 ||| DROPPING potion of degeneration.
  4300 | D:6      | 4300 ||| PLANNING OSSUARY
  4308 | D:6      | Reached * piety under Okawaru
  4421 | D:6      | Reached skill level 1 in Invocations
  4423 | D:6      | 4423 ||| RETREATING.
  4452 | D:6      | Reached skill level 8 in Ranged Weapons
  4536 | D:6      | 4536 ||| Stepping ~*~*~tactically~*~*~ (outnumbered).
  4547 | D:6      | 4547 ||| DRINKING 2 potions of curing.
  4547 | D:6      | 4547 ||| (to cure confusion)
  4550 | D:6      | 4550 ||| INVOKING Heroism.
  4552 | D:6      | 4552 ||| DRINKING potion of curing.
  4552 | D:6      | 4552 ||| (to cure confusion)
  4559 | D:6      | HP: 10/43 [orc/+1 trident of flaming (8)]
  4560 | D:6      | Reached XP level 8. HP: 9/48 MP: 7/9
  4560 | D:6      | 4560 ||| READING scroll of teleportation.
  4562 | D:6      | 4562 ||| FLEEEEING.
  4563 | D:6      | 4563 ||| FLEEEEING.
  4573 | D:6      | 4573 ||| STAIRDANCE
  4696 | D:5      | 4696 ||| READING 2 scrolls of identify.
  4696 | D:5      | 4696 ||| IDENTIFYING bubbling emerald potion
  4815 | D:6      | Found a glowing silver altar of Zin.
  4949 | D:6      | 4949 ||| RIP OSSUARY
  4979 | D:6      | 4979 ||| PLANNING D:1-11
  5170 | D:6      | Found Giestre Xant's Assorted Antiques.
  5173 | D:6      | 5173 ||| BUYING emerald ring (150 gold).
  5173 | D:6      | Bought an emerald ring for 150 gold pieces
  5173 | D:6      | 5173 ||| BUYING scroll labelled QYVUIZ TAMUY (30 gold).
  5173 | D:6      | Bought a scroll labelled QYVUIZ TAMUY for 30 gold pieces
  5173 | D:6      | 5173 ||| BUYING scroll labelled SIVIZU XERYU (30 gold).
  5173 | D:6      | Bought a scroll labelled SIVIZU XERYU for 30 gold pieces
  5173 | D:6      | 5173 ||| BUYING scroll of identify (60 gold).
  5173 | D:6      | Bought a scroll of identify for 60 gold pieces
  5173 | D:6      | 5173 ||| BUYING scroll of identify (60 gold).
  5173 | D:6      | Bought a scroll of identify for 60 gold pieces
  5299 | D:6      | 5299 ||| READING scroll labelled QYVUIZ TAMUY.
  5299 | D:6      | 5299 ||| ACQUIRING +2 triple crossbow of electrocution
  5299 | D:6      | Acquired a +2 triple crossbow of electrocution
  5301 | D:6      | 5301 ||| SWAPPING to +2 triple crossbow of electrocution.
  5302 | D:6      | 5302 ||| DROPPING +0 shortbow of draining.
  5303 | D:6      | 5303 ||| READING scroll labelled SIVIZU XERYU.
  5404 | D:6      | 5404 ||| READING 3 scrolls of identify.
  5404 | D:6      | 5404 ||| IDENTIFYING murky ruby potion
  5405 | D:6      | 5405 ||| READING 2 scrolls of identify.
  5405 | D:6      | 5405 ||| IDENTIFYING yellow potion
  5406 | D:6      | 5406 ||| DROPPING potion of brilliance.
  5407 | D:6      | 5407 ||| DROPPING potion of lignification.
  5421 | D:7      | 5421 ||| INVOKING Heroism.
  5424 | D:7      | Reached skill level 3 in Invocations
  5442 | D:7      | 5442 ||| INVOKING Heroism.
  5665 | D:7      | 5665 ||| Stepping ~*~*~tactically~*~*~ (outnumbered).
  5667 | D:7      | 5667 ||| Stepping ~*~*~tactically~*~*~ (outnumbered).
  5669 | D:7      | 5669 ||| Stepping ~*~*~tactically~*~*~ (outnumbered).
  5685 | D:7      | 5685 ||| INVOKING Heroism.
  5813 | D:7      | 5813 ||| INVOKING Heroism.
  6063 | D:7      | Found a snail-covered altar of Cheibriados.
  6079 | D:7      | 6079 ||| UPGRADING to amulet of the acrobat.
  6126 | D:8      | 6126 ||| INVOKING Heroism.
  6127 | D:8      | 6127 ||| Stepping ~*~*~tactically~*~*~ (outnumbered).
  6133 | D:8      | HP: 11/49 [orc warrior/+0 scimitar (10)]
  6133 | D:8      | HP: 3/49 [orc warrior/+0 scimitar (8)]
  6133 | D:8      | HP: 1/49 [orc/+0 hand axe (2)]
  6134 | D:8      | 6134 ||| DRINKING 3 potions of heal wounds.
  6136 | D:8      | 6136 ||| INVOKING Heroism.
  6138 | D:8      | Reached skill level 9 in Ranged Weapons
  6270 | D:8      | 6270 ||| Stepping ~*~*~tactically~*~*~ (outnumbered).
  6290 | D:8      | Reached skill level 6 in Fighting
  6290 | D:8      | Reached XP level 9. HP: 55/55 MP: 12/12
  6305 | D:8      | 6305 ||| INVOKING Heroism.
  6354 | D:8      | 6354 ||| READING scroll of brand weapon.
  6354 | D:8      | 6354 ||| BRANDING +2 triple crossbow of electrocution.
  6400 | D:8      | Noticed a manticore
  6401 | D:8      | 6401 ||| INVOKING Heroism.
  6408 | D:8      | Killed a manticore
  6409 | D:8      | Reached skill level 10 in Ranged Weapons
  6568 | D:8      | 6568 ||| INVOKING Heroism.
  6724 | D:8      | Found a shimmering blue altar of Sif Muna.
  6898 | D:8      | 6898 ||| READING scroll labelled COCOCKISABB.
  6915 | D:9      | Found a staircase to the Orcish Mines.
  6918 | D:9      | 6918 ||| STAIRDANCE
  6923 | D:8      | 6923 ||| INVOKING Heroism.
  7004 | D:9      | 7004 ||| STAIRDANCE
  7010 | D:8      | 7010 ||| INVOKING Heroism.
  7150 | D:9      | 7150 ||| STAIRDANCE
  7221 | D:9      | 7221 ||| STAIRDANCE
  7249 | D:9      | Reached skill level 11 in Ranged Weapons
  7286 | D:9      | 7286 ||| INVOKING Heroism.
  7345 | D:9      | Found a broken altar of Ashenzari.
  7365 | D:9      | 7365 ||| READING scroll of enchant armour.
  7365 | D:9      | 7365 ||| ENCHANTING +0 cloak.
  7465 | D:9      | 7465 ||| Stepping ~*~*~tactically~*~*~ (outnumbered).
  7467 | D:9      | 7467 ||| Stepping ~*~*~tactically~*~*~ (outnumbered).
  7469 | D:9      | 7469 ||| Stepping ~*~*~tactically~*~*~ (retreating).
  7473 | D:9      | Reached skill level 3 in Dodging
  7483 | D:9      | 7483 ||| INVOKING Heroism.
  7564 | D:9      | 7564 ||| READING scroll of brand weapon.
  7564 | D:9      | 7564 ||| BRANDING +2 triple crossbow of flaming.
  7577 | D:9      | 7577 ||| RETREATING.
  7580 | D:9      | Reached XP level 10. HP: 64/64 MP: 13/13
  7581 | D:9      | 7581 ||| Stepping ~*~*~tactically~*~*~ (retreating).
  7582 | D:9      | 7582 ||| Stepping ~*~*~tactically~*~*~ (retreating).
  7583 | D:9      | 7583 ||| Stepping ~*~*~tactically~*~*~ (retreating).
  7584 | D:9      | 7584 ||| Stepping ~*~*~tactically~*~*~ (retreating).
  7590 | D:9      | 7590 ||| INVOKING Heroism.
  7889 | D:9      | Found a sacrificial altar of Ru.
  7894 | D:9      | Noticed an orange demon
  7897 | D:9      | 7897 ||| RETREATING.
  7899 | D:9      | 7899 ||| Stepping ~*~*~tactically~*~*~ (retreating).
  7907 | D:9      | Noticed Amaemon
  7908 | D:9      | 7908 ||| INVOKING Heroism.
  7910 | D:9      | Killed an orange demon
  7919 | D:9      | Killed Amaemon
  7919 | D:9      | Reached ** piety under Okawaru
  7920 | D:9      | Reached skill level 12 in Ranged Weapons
  7979 | D:9      | 7979 ||| FLEEEEING.
  7980 | D:9      | 7980 ||| FLEEEEING.
  7981 | D:9      | 7981 ||| FLEEEEING.
  7982 | D:9      | 7982 ||| FLEEEEING.
  7983 | D:9      | 7983 ||| FLEEEEING.
  7984 | D:9      | 7984 ||| FLEEEEING.
  7985 | D:9      | 7985 ||| FLEEEEING.
  7986 | D:9      | 7986 ||| FLEEEEING.
  7987 | D:9      | 7987 ||| FLEEEEING.
  7988 | D:9      | 7988 ||| FLEEEEING.
  7989 | D:9      | 7989 ||| FLEEEEING.
  7990 | D:9      | 7990 ||| FLEEEEING.
  7991 | D:9      | 7991 ||| FLEEEEING.
  7992 | D:9      | 7992 ||| FLEEEEING.
  7993 | D:9      | 7993 ||| FLEEEEING.
  7994 | D:9      | 7994 ||| FLEEEEING.
  7995 | D:9      | 7995 ||| FLEEEEING.
  7996 | D:9      | 7996 ||| FLEEEEING.
  7997 | D:9      | 7997 ||| FLEEEEING.
  7998 | D:9      | 7998 ||| FLEEEEING.
  7999 | D:9      | 7999 ||| FLEEEEING.
  8000 | D:9      | 8000 ||| FLEEEEING.
  8001 | D:9      | 8001 ||| FLEEEEING.
  8002 | D:9      | 8002 ||| FLEEEEING.
  8069 | D:9      | 8069 ||| UPGRADING to +0 ring mail of fire resistance.
  8079 | D:9      | 8079 ||| DROPPING +0 ring mail.
  8133 | D:9      | Noticed Erolcha
  8134 | D:9      | 8134 ||| INVOKING Heroism.
  8138 | D:9      | Killed Erolcha
  8145 | D:9      | Reached skill level 13 in Ranged Weapons
  8284 | D:9      | 8284 ||| INVOKING Heroism.
  8290 | D:9      | Reached skill level 9 in Fighting
  8326 | D:9      | Found a runed translucent door.
  8327 | D:9      | Noticed a deep elf pyromancer
  8328 | D:9      | Noticed a centaur warrior
  8518 | D:9      | 8518 ||| DROPPING amulet of magic regeneration.
  8519 | D:9      | 8519 ||| UPGRADING to ring of ice.
  8520 | D:9      | 8520 ||| READING scroll labelled ESEH ROUKEECAXT.
  8521 | D:9      | 8521 ||| DRINKING 3 brown potions.
  8522 | D:9      | 8522 ||| READING 3 scrolls of identify.
  8522 | D:9      | 8522 ||| IDENTIFYING glowing clear potion
  8523 | D:9      | 8523 ||| READING 2 scrolls of identify.
  8523 | D:9      | 8523 ||| IDENTIFYING bubbling yellow potion
  8524 | D:9      | 8524 ||| DROPPING 2 potions of attraction.
  8572 | D:10     | Entered Level 10 of the Dungeon
  8617 | D:10     | 8617 ||| FLEEEEING.
  8618 | D:10     | 8618 ||| FLEEEEING.
  8619 | D:10     | 8619 ||| FLEEEEING.
  8652 | D:10     | 8652 ||| READING scroll of brand weapon.
  8652 | D:10     | 8652 ||| BRANDING +2 triple crossbow of electrocution.
  8660 | D:10     | 8660 ||| INVOKING Heroism.
  8667 | D:10     | Reached XP level 11. HP: 65/71 MP: 12/14
  8804 | D:10     | Noticed a two-headed ogre
  8805 | D:10     | 8805 ||| INVOKING Heroism.
  8808 | D:10     | Killed a two-headed ogre
  8808 | D:10     | Reached *** piety under Okawaru
  9006 | D:10     | Found an ornate altar of the Wu Jian Council.
  9007 | D:10     | Found a shadowy altar of Dithmenos.
  9048 | D:10     | 9048 ||| INVOKING Heroism.
  9056 | D:10     | 9056 ||| INVOKING Heroism.
  9060 | D:10     | HP: 16/71 [orc/+0 flail (6)]
  9061 | D:10     | 9061 ||| READING scroll of teleportation.
  9062 | D:10     | 9062 ||| DRINKING 6 potions of heal wounds.
  9217 | D:10     | Noticed a manticore
  9218 | D:10     | 9218 ||| INVOKING Heroism.
  9221 | D:10     | Killed a manticore
  9377 | D:10     | 9377 ||| UPGRADING to +0 helmet.
  9382 | D:10     | 9382 ||| UPGRADING to amulet of regeneration.
  9392 | D:10     | 9392 ||| DROPPING amulet of the acrobat.
  9393 | D:10     | 9393 ||| DROPPING +6 ring of intelligence.
  9394 | D:10     | 9394 ||| UPGRADING to ring of see invisible.
  9396 | D:10     | 9396 ||| REMOVING ring of ice.
  9397 | D:10     | 9397 ||| UPGRADING to ring of protection from fire.
  9398 | D:10     | 9398 ||| READING 2 scrolls of identify.
  9398 | D:10     | 9398 ||| IDENTIFYING fizzy silvery potion
  9412 | D:11     | Noticed a two-headed ogre
  9413 | D:11     | 9413 ||| INVOKING Heroism.
  9414 | D:11     | Noticed a two-headed ogre
  9415 | D:11     | 9415 ||| RETREATING.
  9416 | D:11     | Killed a two-headed ogre
  9418 | D:11     | Killed a two-headed ogre
  9419 | D:11     | Reached skill level 14 in Ranged Weapons
  9484 | D:11     | Noticed Fannar
  9487 | D:11     | Killed Fannar
  9670 | D:11     | Noticed a brown ugly thing
  9671 | D:11     | Killed a brown ugly thing
  9671 | D:11     | Reached **** piety under Okawaru
  9849 | D:11     | Found a staircase to the Lair.
  9896 | D:11     | 9896 ||| RETREATING.
  9898 | D:11     | 9898 ||| Stepping ~*~*~tactically~*~*~ (retreating).
  9905 | D:11     | 9905 ||| INVOKING Heroism.
  9954 | D:11     | 9954 ||| INVOKING Heroism.
 10021 | D:11     | 10021 ||| Stepping ~*~*~tactically~*~*~ (outnumbered).
 10023 | D:11     | 10023 ||| Stepping ~*~*~tactically~*~*~ (retreating).
 10024 | D:11     | 10024 ||| Stepping ~*~*~tactically~*~*~ (retreating).
 10025 | D:11     | 10025 ||| Stepping ~*~*~tactically~*~*~ (retreating).
 10026 | D:11     | 10026 ||| Stepping ~*~*~tactically~*~*~ (retreating).
 10027 | D:11     | 10027 ||| Stepping ~*~*~tactically~*~*~ (retreating).
 10028 | D:11     | 10028 ||| INVOKING Heroism.
 10033 | D:11     | Reached skill level 6 in Invocations
 10063 | D:11     | 10063 ||| Stepping ~*~*~tactically~*~*~ (retreating).
 10064 | D:11     | 10064 ||| Stepping ~*~*~tactically~*~*~ (retreating).
 10065 | D:11     | 10065 ||| Stepping ~*~*~tactically~*~*~ (retreating).
 10066 | D:11     | 10066 ||| Stepping ~*~*~tactically~*~*~ (retreating).
 10067 | D:11     | 10067 ||| Stepping ~*~*~tactically~*~*~ (retreating).
 10068 | D:11     | 10068 ||| Stepping ~*~*~tactically~*~*~ (retreating).
 10069 | D:11     | 10069 ||| Stepping ~*~*~tactically~*~*~ (retreating).
 10070 | D:11     | 10070 ||| INVOKING Heroism.
 10164 | D:11     | 10164 ||| PLANNING LAIR
 10164 | D:11     | 10164 ||| UPGRADING to +2 robe of cold resistance.
 10174 | D:11     | 10174 ||| UPGRADING to +0 pair of gloves.
 10215 | Lair:1   | Entered Level 1 of the Lair of Beasts
 10216 | Lair:1   | 10216 ||| INVOKING Heroism.
 10217 | Lair:1   | 10217 ||| STAIRDANCE
 10221 | D:11     | Reached XP level 12. HP: 66/77 MP: 14/16
 10309 | Lair:1   | 10309 ||| INVOKING Heroism.
 10314 | Lair:1   | 10314 ||| Stepping ~*~*~tactically~*~*~ (outnumbered).
 10334 | Lair:1   | 10334 ||| Stepping ~*~*~tactically~*~*~ (retreating).
 10335 | Lair:1   | 10335 ||| Stepping ~*~*~tactically~*~*~ (retreating).
 10363 | Lair:1   | 10363 ||| INVOKING Heroism.
 10392 | Lair:1   | Noticed Maggie
 10398 | Lair:1   | Killed Maggie
 10453 | Lair:1   | 10453 ||| INVOKING Heroism.
 10524 | Lair:1   | Found a broken altar of Ashenzari.
 10537 | Lair:1   | Noticed Harold
 10538 | Lair:1   | 10538 ||| RETREATING.
 10543 | Lair:1   | 10543 ||| INVOKING Heroism.
 10548 | Lair:1   | Killed Harold
 10549 | Lair:1   | Reached skill level 15 in Ranged Weapons
 11212 | Lair:1   | 11212 ||| DROPPING ring of magical power.
 11251 | Lair:2   | 11251 ||| Stepping ~*~*~tactically~*~*~ (retreating).
 11256 | Lair:2   | Reached ***** piety under Okawaru
 11321 | Lair:2   | Noticed a boulder beetle
 11322 | Lair:2   | 11322 ||| INVOKING Heroism.
 11324 | Lair:2   | 11324 ||| INVOKING Finesse.
 11330 | Lair:2   | Killed a boulder beetle
 11331 | Lair:2   | Reached skill level 9 in Invocations
 11360 | Lair:2   | 11360 ||| FLEEEEING.
 11371 | Lair:2   | Found a runed translucent door.
 11372 | Lair:2   | Found a shimmering altar of Xom.
 11372 | Lair:2   | Noticed qw's ghost (journeyman NaHu)
 11435 | Lair:2   | Noticed a boulder beetle
 11436 | Lair:2   | 11436 ||| INVOKING Heroism.
 11439 | Lair:2   | 11439 ||| Stepping ~*~*~tactically~*~*~ (retreating).
 11440 | Lair:2   | 11440 ||| Stepping ~*~*~tactically~*~*~ (retreating).
 11441 | Lair:2   | 11441 ||| Stepping ~*~*~tactically~*~*~ (retreating).
 11442 | Lair:2   | 11442 ||| Stepping ~*~*~tactically~*~*~ (retreating).
 11443 | Lair:2   | 11443 ||| RETREATING.
 11448 | Lair:2   | Received a gift from Okawaru
 11449 | Lair:2   | 11449 ||| INVOKING Finesse.
 11450 | Lair:2   | Killed a boulder beetle
 11461 | Lair:2   | 11461 ||| INVOKING Heroism.
 11621 | Lair:2   | Noticed a five-headed hydra
 11634 | Lair:2   | 11634 ||| INVOKING Heroism.
 11635 | Lair:2   | Killed a five-headed hydra
 11636 | Lair:2   | Reached skill level 16 in Ranged Weapons
 11636 | Lair:2   | Reached XP level 13. HP: 82/82 MP: 17/20
 11891 | Lair:2   | Found a staircase to the Snake Pit.
 12255 | Lair:2   | 12255 ||| UPGRADING to +0 pair of boots.
 12260 | Lair:2   | 12260 ||| READING scroll labelled ISEFFA MIRE.
 12305 | Lair:3   | 12305 ||| INVOKING Heroism.
 12309 | Lair:3   | Identified the +5 shortbow of Anxiety {freeze, +Blink rN+
                  | Dex+3} (Okawaru gifted it to you on level 3 of the Lair of
                  | Beasts)
 12309 | Lair:3   | Received a gift from Okawaru
 12521 | Lair:3   | 12521 ||| INVOKING Heroism.
 12550 | Lair:3   | Found a frozen archway.
 12578 | Lair:3   | 12578 ||| Stepping ~*~*~tactically~*~*~ (retreating).
 12580 | Lair:3   | 12580 ||| Stepping ~*~*~tactically~*~*~ (retreating).
 12581 | Lair:3   | 12581 ||| Stepping ~*~*~tactically~*~*~ (retreating).
 12582 | Lair:3   | 12582 ||| Stepping ~*~*~tactically~*~*~ (retreating).
 12583 | Lair:3   | 12583 ||| Stepping ~*~*~tactically~*~*~ (retreating).
 12587 | Lair:3   | 12587 ||| INVOKING Heroism.
 12643 | Lair:3   | 12643 ||| INVOKING Heroism.
 12756 | Lair:3   | 12756 ||| FLEEEEING.
 12758 | Lair:3   | 12758 ||| INVOKING Heroism.
 12760 | Lair:3   | 12760 ||| RETREATING.
 12765 | Lair:3   | 12765 ||| RETREATING.
 12766 | Lair:3   | 12766 ||| Stepping ~*~*~tactically~*~*~ (retreating).
 12774 | Lair:3   | Reached skill level 17 in Ranged Weapons
 12812 | Lair:3   | 12812 ||| INVOKING Heroism.
 12821 | Lair:3   | 12821 ||| Stepping ~*~*~tactically~*~*~ (cloud).
 13160 | Lair:3   | Found a staircase to the Swamp.
 13287 | Lair:4   | Noticed Nessos
 13288 | Lair:4   | 13288 ||| RETREATING.
 13292 | Lair:4   | 13292 ||| INVOKING Heroism.
 13293 | Lair:4   | 13293 ||| INVOKING Finesse.
 13297 | Lair:4   | Killed Nessos
 13298 | Lair:4   | Reached skill level 6 in Dodging
 13393 | Lair:4   | 13393 ||| READING scroll of enchant weapon.
 13393 | Lair:4   | 13393 ||| ENCHANTING +2 heavy triple crossbow.
 13413 | Lair:4   | Found a transporter.
 13460 | Lair:4   | 13460 ||| INVOKING Heroism.
 13498 | Lair:4   | Found a transporter.
 13635 | Lair:4   | 13635 ||| INVOKING Heroism.
 13798 | Lair:5   | Entered Level 5 of the Lair of Beasts
 13806 | Lair:5   | 13806 ||| RETREATING.
 13813 | Lair:5   | 13813 ||| Stepping ~*~*~tactically~*~*~ (retreating).
 13814 | Lair:5   | 13814 ||| Stepping ~*~*~tactically~*~*~ (retreating).
 13815 | Lair:5   | 13815 ||| Stepping ~*~*~tactically~*~*~ (retreating).
 13848 | Lair:5   | 13848 ||| RETREATING.
 13867 | Lair:5   | 13867 ||| RETREATING.
 13868 | Lair:5   | 13868 ||| Stepping ~*~*~tactically~*~*~ (retreating).
 13869 | Lair:5   | 13869 ||| Stepping ~*~*~tactically~*~*~ (retreating).
 13870 | Lair:5   | 13870 ||| Stepping ~*~*~tactically~*~*~ (retreating).
 13872 | Lair:5   | Reached skill level 18 in Ranged Weapons
 13873 | Lair:5   | Received a gift from Okawaru
 13888 | Lair:5   | 13888 ||| INVOKING Heroism.
 13891 | Lair:5   | Gained mutation: Your large and strong wings let you fly.
                  | [Gargoyle growth]
 13891 | Lair:5   | Reached XP level 14. HP: 90/90 MP: 18/21
 13898 | Lair:5   | 13898 ||| RETREATING.
 13902 | Lair:5   | 13902 ||| Stepping ~*~*~tactically~*~*~ (retreating).
 13903 | Lair:5   | 13903 ||| Stepping ~*~*~tactically~*~*~ (retreating).
 13911 | Lair:5   | 13911 ||| Stepping ~*~*~tactically~*~*~ (retreating).
 13913 | Lair:5   | 13913 ||| Stepping ~*~*~tactically~*~*~ (retreating).
 13918 | Lair:5   | 13918 ||| INVOKING Heroism.
 13921 | Lair:5   | 13921 ||| Stepping ~*~*~tactically~*~*~ (retreating).
 13930 | Lair:5   | HP: 20/91 [seven-headed hydra (8)]
 13930 | Lair:5   | HP: 4/91 [seven-headed hydra (10)]
 13930 | Lair:5   | HP: 1/91 [seven-headed hydra (3)]
 13931 | Lair:5   | 13931 ||| READING 5 scrolls of teleportation.
 13931 | Lair:5   | Slain by a seven-headed hydra

Levels and vault maps discovered:
D:1:      psy_arrival_wood_between_worlds, layout_loops_corners,
          minmay_circled_x
D:2:      layout_loops_ring, basic_altar
D:3:      layout_loops_corners, nicolae_gozag_seed_capital,
          nicolae_yredelemnul_corpse_copse, basic_ecumenical_altar
D:4:      layout_basic, grunt_temple_overflow_growth_and_decay,
          nemelex_dance_club_becter, minmay_temple_entry_grid,
          hangedman_abyss_or_decor_stabs
D:5:      layout_rooms, mainiacjoe_overflow_catch_the_wave
D:6:      layout_cave_pods, zin_statuary, serial_shops, shop, enter_ossuary_5
D:7:      layout_loops_ring, kennysheep_slug_shrine
D:8:      layout_basic, mainiacjoe_overflow_alcove_1, small_chamber_with_monster
D:9:      layout_loops_ring, mainiacjoe_overflow_alcove_4,
          cheibrodos_ashenzari_chains, minmay_orc_entry_guard_dogs, wad_hexagon,
          uniq_erolcha, uniq_amaemon
D:10:     layout_cave_pools, mainiacjoe_overflow_divided_tiny, minivault_5
D:11:     layout_basic, lair_entry_dummy, nooodl_orcs_dogs, uniq_fannar
Temple:   pf_temple_reverse_labyrinth
Lair:1:   layout_chaotic_city, basic_altar, grunt_megastairs_2, uniq_harold,
          uniq_maggie
Lair:2:   layout_roguey [special_room_bee], alex1729_snake_entry_snake,
          ebering_ghost_xom
Lair:3:   layout_cave_pods, nicolae_swamp_entry_spooky,
          portal_ice_cave_demonic_guard, grunt_megastairs_4
Lair:4:   gammafunk_cloud_chamber, layout_big_grid, lemuel_fruit_tree,
          uniq_nessos
Lair:5:   hellmonk_lair_end_abyssal_woods, layout_gridlike,
          nicolae_slime_entry_field_trip, serial_bayou_shore_b,
          lemuel_fruit_fields, uniq_kirke

Skill      XL: |  1  2  3  4  5  6  7  8  9 10 11 12 13 |
---------------+----------------------------------------+-----
Ranged Weapons | 5 6 8 9 11 13 14 16 18 | 18.0
Fighting       | 3 4 6 7 9 10 11 | 11.8
Armour         | 3 4 |  4.3
Invocations    | 2 4 6 10 | 10.0
Dodging        | 2 3 4 5 6 |  6.2
Stealth        | |  1.1

Action                     |  1- 3 |  4- 6 |  7- 9 | 10-12 | 13-15 || total
---------------------------+-------+-------+-------+-------+-------++-------
   Fire: Shortbow          |   115 |   267 |   108 |       |       ||   490
         Triple crossbow   |       |       |   126 |   329 |   188 ||   643
 Invoke: Heroism           |       |       |    14 |    23 |    11 ||    48
         Finesse           |       |       |       |     2 |     1 ||     3
    Use: Scroll            |     5 |     5 |    13 |     6 |     3 ||    32
         Potion            |     1 |       |     5 |     2 |       ||     8
 Armour: Leather armour    |    28 |       |       |       |       ||    28
         Ring mail         |    24 |    89 |   168 |   148 |       ||   429
         Robe              |       |       |       |   141 |   205 ||   346
  Dodge: Dodged            |    28 |    80 |   119 |   324 |   176 ||   727

Table legend:
 A = Non-vault XP
 B = Vault XP
 C = Vault XP percentage of total XP
 D = Non-vault monster count
 E = Vault monster count
 F = Vault count percentage of total count
                 A         B        C        D         E       F
            +---------+---------+-------+---------+---------+-------
      Total |   39216 |   17488 |  30.8 |     307 |      84 |  21.5
            +---------+---------+-------+---------+---------+-------
        D:1 |      15 |       5 |  25.0 |      10 |       4 |  28.6
        D:2 |      56 |       0 |   0.0 |      13 |       0 |   0.0
        D:3 |     152 |      54 |  26.2 |      19 |       3 |  13.6
        D:4 |     305 |       5 |   1.6 |      31 |       2 |   6.1
        D:5 |     240 |       0 |   0.0 |      10 |       0 |   0.0
        D:6 |     449 |       0 |   0.0 |      15 |       0 |   0.0
        D:7 |     760 |       4 |   0.5 |      19 |       1 |   5.0
        D:8 |     707 |    1017 |  59.0 |      19 |       4 |  17.4
        D:9 |    2117 |    2801 |  57.0 |      39 |       6 |  13.3
       D:10 |    2392 |       0 |   0.0 |      19 |       0 |   0.0
       D:11 |    5665 |    1988 |  26.0 |      19 |      13 |  40.6
     Lair:1 |    3927 |    1745 |  30.8 |      15 |       4 |  21.1
     Lair:2 |    7054 |    2843 |  28.7 |      23 |      30 |  56.6
     Lair:3 |    3952 |    5989 |  60.2 |      19 |      16 |  45.7
     Lair:4 |    6047 |    1037 |  14.6 |      15 |       1 |   6.2
     Lair:5 |    5378 |       0 |   0.0 |      22 |       0 |   0.0
            +---------+---------+-------+---------+---------+-------
